 Dungeon Crawl Stone Soup version 0.27.1-33-g824d729ab1 (webtiles) character file.

Game seed: 2342153797144134056

1019 lordive the Slasher (level 8, -5/67 HPs)
             Began as a Minotaur Fighter on Dec 27, 2021.
             Was a Follower of Okawaru.
             Killed by divine providence
             ... invoked by an orc priest
              (13 damage)
             ... on level 7 of the Dungeon.
             The game lasted 00:06:30 (6221 turns).

lordive the Slasher (Minotaur Fighter)              Turns: 6221, Time: 00:06:31

Health: -5/67      AC: 11    Str: 22    XL:     8   Next: 2%
Magic:  9/9        EV:  7    Int:  5    God:    Okawaru [*.....]
Gold:   299        SH: 10    Dex: 11    Spells: 7/7 levels left

rFire    . . .     SeeInvis +   a - +0 long sword
rCold    . . .     Faith    .   c - +0 kite shield
rNeg     . . .     Spirit   .   w - +0 chain mail
rPois    .         Reflect  .   p - +1 hat
rElec    .         Harm     .   (no cloak)
rCorr    .         Rampage  .   (no gloves)
Will     .....                  (no boots)
Stlth    ..........             (no amulet)
HPRegen  0.21/turn              m - ring of see invisible
MPRegen  0.11/turn              (no ring)

@: no status effects
A: horns 2, retaliatory headbutt
a: Renounce Religion, Heroism


You were on level 7 of the Dungeon.
You worshipped Okawaru.
Okawaru was aware of your devotion.
You visited 2 branches of the dungeon, and saw 8 of its levels.

You collected 299 gold pieces.

Inventory:

Hand Weapons
 a - a +0 long sword (weapon)
 g - a +4 short sword
 B - a +1 hand axe of draining
Armour
 b - a +0 scale mail
 c - a +0 kite shield (worn)
 p - a +1 hat (worn)
 w - a +0 chain mail (worn)
Jewellery
 m - a ring of see invisible (left hand)
 o - a ring of magical power
Wands
 y - a wand of acid (7)
Scrolls
 h - 2 scrolls of immolation {unknown}
 j - 5 scrolls of teleportation {unknown}
 k - 4 scrolls of amnesia {unknown}
 l - a scroll of fog {unknown}
 q - 3 scrolls of identify {unknown}
 r - 3 scrolls of magic mapping {unknown}
 u - a scroll of brand weapon {unknown}
 v - a scroll of vulnerability {unknown}
 z - 2 scrolls of enchant armour {unknown}
 A - a scroll of fear {unknown}
 D - a scroll of blinking {unknown}
Potions
 d - 2 potions of might
 e - 3 potions of heal wounds {unknown}
 f - a potion of brilliance {unknown}
 i - a potion of berserk rage {unknown}
 n - 2 potions of attraction {unknown}
 s - a potion of degeneration {unknown}
 t - 2 potions of curing {unknown}
 x - a potion of haste {unknown}
 C - a potion of magic {unknown}


   Skills:
 + Level 4.9 Fighting
 + Level 7.0 Long Blades
 + Level 6.1 Armour
 + Level 2.5 Dodging
 + Level 0.2 Stealth
 + Level 5.7 Shields
 * Level 2.7 Invocations


You had 7 spell levels left.
You didn't know any spells.
Your spell library contained the following spells:

 Spells                   Type           Power      Damage    Failure   Level
 Animate Skeleton         Necr           0%         N/A       100%        1
 Apportation              Tloc           0%         N/A       100%        1
 Beastly Appendage        Tmut           0%         N/A       100%        1
 Corona                   Hex            0%         N/A       100%        1
 Summon Small Mammal      Summ           0%         N/A       100%        1
 Wereblood                Tmut           0%         N/A       100%        2
 Spider Form              Tmut/Pois      0%         N/A       100%        3
 Animate Armour           Summ/Erth      0%         N/A       100%        4
 Blade Hands              Tmut           0%         N/A       100%        5
 Iskenderun's Battlesphe  Conj           0%         2d6       100%        5
 Iron Shot                Conj/Erth      0%         9d1       100%        6
 Spellforged Servitor     Conj/Summ      0%         N/A       100%        7


Dungeon Overview and Level Annotations

Branches:
Dungeon (7/15)             Temple (1/1) D:5

Altars:
Ashenzari
Cheibriados
Dithmenos
Elyvilon
Fedhas
Gozag
Hepliaklqana
Kikubaaqudgha
Makhleb
Nemelex Xobeh
Okawaru
Qazlal
Ru
Sif Muna
Trog
Uskayaw
Vehumet
Wu Jian
Xom
Yredelemnul
Zin

Shops:
D:4 [


Innate Abilities, Weirdness & Mutations

You have a pair of horns on your head.
You reflexively headbutt those who attack you in melee.


Message History

The orc priest is heavily wounded.
The orc wizard hits you with a +0 dagger.
* * * LOW HITPOINT WARNING * * *
The orc barely misses you. The orc priest barely misses you.
You miss the orc priest.
The orc priest is heavily wounded.
The orc wizard hits you but does no damage.
The orc hits you but does no damage. The orc priest barely misses you.
You hit the orc priest but do no damage.
The orc priest is heavily wounded.
The orc wizard hits you but does no damage.
The orc hits you but does no damage.
The orc priest hits you but does no damage.
You hit the orc priest but do no damage.
The orc priest is heavily wounded.
You feel less confused.
The orc wizard hits you but does no damage.
The orc hits you but does no damage.
The orc priest looks braver for a moment.
The orc wizard hits you but does no damage.
The orc hits you but does no damage.
The orc priest looks braver for a moment.
You closely miss the orc priest.
The orc priest is heavily wounded.
The orc wizard hits you but does no damage.
The orc hits you with a +0 falchion.
* * * LOW HITPOINT WARNING * * *
The orc priest barely misses you.
You barely miss the orc priest.
The orc priest is heavily wounded.
The orc wizard hits you with a +0 dagger.
* * * LOW HITPOINT WARNING * * *
You block the orc's attack.
The orc priest hits you but does no damage.
You closely miss the orc priest.
The orc priest is heavily wounded.
You block the orc wizard's attack. The orc hits you but does no damage.
The orc priest calls down the wrath of Beogh upon you.
Beogh smites you!
You die...

#.##..)))##.......# #
. +.....##.......#
#.##.#.....##.......#
(....#..##+##.......#
............#########
............#
............#
.......).)o.#
)........o@.#
.........o..#
..........).#
............#
...!..........
...............
...!.............
##########......
......


You could see an orc priest, an orc wizard (invisible) and an orc.

Vanquished Creatures
  2 sky beasts
  A centaur (D:5)
  A kobold brigand (D:5)
  A bullfrog (D:6)
  2 scorpions (D:5)
  A howler monkey (D:6)
  4 hounds
  3 iguanas
  2 orc wizards
  A hound skeleton (D:4)
  6 adders
  2 white imps
  2 ufetubi (D:6)
  An adder zombie (D:5)
  2 worms
  2 dart slugs
  25 orcs
  6 ball pythons
  5 endoplasms
  4 giant cockroaches
  7 goblins
  7 hobgoblins
  9 kobolds
  3 quokkas
  A ball python skeleton (D:3)
  3 bats
  4 frilled lizards
  8 rats
115 creatures vanquished.

Notes
Turn   | Place    | Note
-------+----------+-------------------------------------------
     0 | D:1      | lordive the Minotaur Fighter began the quest for the Orb.
     0 | D:1      | Reached XP level 1. HP: 19/19 MP: 0/0
   424 | D:1      | Reached XP level 2. HP: 24/27 MP: 1/1
  1068 | D:1      | Reached skill level 3 in Long Blades
  1505 | D:2      | Reached XP level 3. HP: 33/33 MP: 2/2
  1650 | D:2      | Found a faded altar of an unknown god.
  1736 | D:2      | Reached XP level 4. HP: 33/40 MP: 3/3
  2085 | D:2      | Reached skill level 4 in Long Blades
  2272 | D:3      | Found a bloodstained altar of Trog.
  2829 | D:3      | Found a hide-covered altar of Uskayaw.
  3074 | D:3      | Found a snail-covered altar of Cheibriados.
  3216 | D:4      | Reached XP level 5. HP: 20/46 MP: 4/4
  3470 | D:4      | Found Azoinir's Antique Armour Shoppe.
  3542 | D:4      | Found an ancient bone altar of Kikubaaqudgha.
  3557 | D:4      | Reached skill level 1 in Dodging
  3998 | D:5      | Entered Level 5 of the Dungeon
  4064 | D:5      | Reached skill level 5 in Long Blades
  4064 | D:5      | Reached XP level 6. HP: 51/52 MP: 5/5
  4069 | D:5      | Found a staircase to the Ecumenical Temple.
  4123 | Temple   | Entered the Ecumenical Temple
  4224 | Temple   | Became a worshipper of Warmaster Okawaru
  4347 | D:5      | Found a sparkling altar of Nemelex Xobeh.
  4404 | D:5      | Reached skill level 5 in Armour
  4492 | D:5      | Reached skill level 1 in Invocations
  4630 | D:5      | Reached skill level 6 in Long Blades
  4936 | D:5      | Noticed a sky beast
  4950 | D:5      | Killed a sky beast
  4951 | D:5      | Reached XP level 7. HP: 45/60 MP: 5/7
  5042 | D:5      | Reached skill level 5 in Shields
  5226 | D:6      | Reached * piety under Okawaru
  6134 | D:7      | Reached skill level 7 in Long Blades
  6134 | D:7      | Reached XP level 8. HP: 59/67 MP: 7/9
  6221 | D:7      | Killed from afar by an orc priest

Illustrated notes

Levels and vault maps discovered:
D:1:      kennysheep_arrival_seaside, layout_loops_cross,
          chequers_serial_rivers_small_3, minmay_3d_cube
D:2:      layout_loops_ring, shapermc_ecumenical_altar_totnotflames,
          kennysheep_small_spiral
D:3:      minmay_spotlight, layout_loops_ring, mainiacjoe_overflow_big_doors,
          nicolae_overflow_crystal_walls
D:4:      layout_gridville, mainiacjoe_overflow_cross_hatched, serial_shops,
          shop
D:5:      layout_gridville, nemelex_spade_bored_becter,
          minmay_temple_entry_crystal_x
D:6:      layout_loops_ring
D:7:      layout_basic, nicolae_ossuary_entry_catacombs, uniq_harold,
          uniq_joseph
Temple:   nicolae_temple_elliptical

Skill      XL: |  1  2  3  4  5  6  7 |
---------------+----------------------+-----
Armour         | 4 5 6 |  6.1
Long Blades    | 3 4 5 6 7 |  7.0
Shields        | 4 5 |  5.7
Fighting       | 4 |  4.9
Dodging        | 1 2 |  2.5
Invocations    | 1 2 |  2.7
Stealth        | |  0.2

Action                   |  1- 3 |  4- 6 |  7- 9 || total
-------------------------+-------+-------+-------++-------
Melee: Long sword        |    63 |   174 |    95 ||   332
       Headbutt          |     6 |    25 |    20 ||    51
Armor: Scale mail        |    34 |    77 |     6 ||   117
       Chain mail        |       |       |    70 ||    70
Dodge: Dodged            |    15 |    47 |    46 ||   108
Block: Kite shield       |    32 |    93 |    57 ||   182
       Rpst.: Long sword |     2 |    11 |     6 ||    19
